AoeStats
← sawacdard

Black Forest

504162533Analyzed
4v4 RM · 28d ago on Sep 4, 2026· 47m 26s· 8 players
Game mode
Random Map
Map size
Large (8 player)
Population
200
Speed
Normal
Resources
Standard
Victory
Conquest
Starting age
Dark Age
Ending age
Imperial Age
RankedLock teamsTeams togetherTeam positionsShared explorationLock speedFull tech treeHidden civsTurbo modeCheats
Victory
Defeat
🇬🇧 Khmer · United Kingdom
1561
+8
🇹🇼 Japanese · Taiwan
1417
+14
🇨🇳 Persians · China
1329
+18
🇹🇼 Lithuanians · Taiwan
1263
+20
🇹🇼 Celts · Taiwan
1388
-16
🇨🇴 Lithuanians · Colombia
1364
-15
🇦🇷 Persians · Argentina
1360
-15
🇨🇳 Slavs · China
1345
-14
JairoElChigüi
0:45 Loom
21:56 Feudal Age
24:28 Wheelbarrow
47:26 Castle Age
45:24 Fletching
45:21 Double-Bit Axe
45:18 Horse Collar
鬼洗
0:59 Loom
13:06 Feudal Age
18:46 Castle Age
17:21 Stone Mining
17:27 Fishing Lines
18:00 Double-Bit Axe
18:35 Gold Mining
21:37 Wheelbarrow
21:27 Gillnets
22:17 Horse Collar
23:19 Bow Saw
23:13 Heavy Plow
29:21 Imperial Age
27:58 Gold Shaft Mining
27:40 Hand Cart
30:16 Furor Celtica
29:29 Heavy Scorpion
29:30 Capped Ram
30:20 Siege Ram
32:30 Ballistics
35:04 Fortified Wall
36:39 Pikeman
37:20 Halberdier
40:17 Halberdier
41:10 Forging
41:01 Scale Mail Armor
44:48 Iron Casting
44:28 Chain Mail Armor
47:24 Blast Furnace
jj
6:29 Loom
11:18 Feudal Age
11:51 Double-Bit Axe
12:44 Horse Collar
21:24 Castle Age
20:23 Bloodlines
22:09 Husbandry
22:33 Forging
21:48 Pikeman
28:45 Heavy Plow
30:12 Bow Saw
30:48 Scale Barding Armor
31:06 Light Cavalry
37:04 Wheelbarrow
37:01 Chain Barding Armor
37:16 Iron Casting
39:33 Imperial Age
37:41 Gold Mining
39:33 Fletching
39:56 Masonry
39:43 Murder Holes
39:40 Heavy Camel Rider
41:04 Squires
40:31 Halberdier
41:59 Plate Barding Armor
41:24 Gambesons
42:14 Scale Mail Armor
43:35 Chain Mail Armor
45:14 Blast Furnace
44:54 Man-at-Arms
mia
10:19 Feudal Age
12:04 Double-Bit Axe
14:30 Castle Age
12:31 Horse Collar
15:57 Bow Saw
21:32 Wheelbarrow
22:08 Gold Mining
22:11 Stone Mining
22:27 Heavy Plow
24:18 Hand Cart
27:44 Imperial Age
25:19 Town Watch
26:32 Gold Shaft Mining
26:31 Scale Mail Armor
26:54 Ballistics
26:24 Loom
26:41 Pikeman
27:22 Squires
27:50 Caravan
28:02 Halberdier
29:01 Chain Mail Armor
30:07 Two-Man Saw
29:48 Crop Rotation
30:11 Conscription
30:17 Detinets
31:43 Chemistry
32:14 Plate Mail Armor
31:54 Forging
31:57 Siege Engineers
32:20 Elite Boyar
33:29 Scale Barding Armor
33:35 Druzhina
34:57 Chain Barding Armor
35:13 Iron Casting
35:56 Siege Engineers
36:02 Masonry
35:47 Murder Holes
35:46 Fletching
38:15 Blast Furnace
37:50 Plate Barding Armor
38:02 Bloodlines
37:52 Husbandry
39:39 Hoardings
41:32 Sappers
45:53 Coinage
45:48 Bodkin Arrow
No_English
7:14 Loom
10:18 Feudal Age
11:24 Double-Bit Axe
16:49 Castle Age
14:47 Horse Collar
18:13 Bow Saw
18:05 Heavy Plow
19:36 Wheelbarrow
21:34 Gold Mining
23:39 Hand Cart
23:54 Stone Mining
25:50 Gold Shaft Mining
29:44 Imperial Age
27:43 Caravan
27:59 Guard Tower
28:27 Yasama
28:17 Gambesons
28:38 Squires
28:37 Fletching
28:53 Man-at-Arms
28:55 Pikeman
30:04 Ballistics
29:41 Murder Holes
29:43 Long Swordsman
30:10 Arson
30:35 Two-Handed Swordsman
31:41 Scale Mail Armor
31:52 Forging
31:59 Arrowslits
33:15 Kataparuto
33:51 Keep
34:17 Chemistry
32:51 Champion
35:08 Chain Mail Armor
39:38 Plate Mail Armor
sawacdard
0:43 Loom
19:42 Feudal Age
25:27 Castle Age
23:52 Double-Bit Axe
24:23 Gold Mining
24:47 Horse Collar
26:52 Bow Saw
30:33 Sanctity
31:40 Town Watch
32:34 Fervor
36:43 Wheelbarrow
42:46 Imperial Age
40:36 Hand Cart
40:23 Heavy Plow
40:18 Stone Mining
42:40 Coinage
42:11 Caravan
42:55 Onager
44:23 Town Patrol
44:57 Banking
45:53 Chemistry
45:14 Ballistics
44:35 Treadmill Crane
45:05 Masonry
谢por
3:20 Loom
3:23 Loom
12:49 Feudal Age
17:20 Castle Age
15:16 Double-Bit Axe
16:36 Fishing Lines
18:08 Bow Saw
18:12 Gillnets
22:59 Horse Collar
26:36 Wheelbarrow
26:55 Gold Mining
26:56 Stone Mining
30:30 Imperial Age
28:20 Heavy Plow
28:37 Hand Cart
29:22 Scale Barding Armor
29:27 Forging
30:14 Gold Shaft Mining
30:14 Stone Shaft Mining
30:44 Ballistics
31:18 Chain Barding Armor
31:33 Iron Casting
31:23 Guilds
31:14 Caravan
31:45 Coinage
32:19 Chemistry
31:53 Crop Rotation
32:24 Two-Man Saw
31:28 Elite War Elephant
32:21 Town Watch
34:48 Bloodlines
34:38 Husbandry
36:54 Plate Barding Armor
37:19 Blast Furnace
38:03 Light Cavalry
41:17 Fletching
41:27 Padded Archer Armor
42:14 Banking
45:43 Bodkin Arrow
邪惡貓貓頭ಥ_ಥ
8:05 Feudal Age
16:41 Loom
19:02 Castle Age
16:55 Gold Mining
17:09 Double-Bit Axe
18:59 Forging
18:43 Horse Collar
19:21 Bloodlines
19:08 Light Cavalry
22:49 Gold Mining
25:11 Bow Saw
25:38 Scale Barding Armor
28:16 Wheelbarrow
31:05 Hand Cart
31:38 Heavy Plow
32:31 Chain Barding Armor
33:42 Iron Casting
36:26 Gold Shaft Mining
38:23 Imperial Age
36:16 Husbandry
36:02 Loom
36:09 Stone Mining
40:12 Stone Shaft Mining
43:28 Caravan
44:53 Plate Barding Armor
44:07 Elite Battle Elephant
45:13 Tusk Swords
45:26 Fletching
46:40 Blast Furnace
Connection lost

Rejoining the realm…

Still unreachable

The connection could not be restored.

Session expired

The server has moved on; the page needs a fresh start.